Cogmind - Beta 16 @@@ ROGUE MODE // 2025.11.05 @ 13:38:12 Player: ChromeKnight Result: Destroyed by G-50 Soldier with Heavy Laser Performance ------------- Evolutions (4) 2000 Regions Visited (9) 1800 Robots Destroyed (39) 195 Value Destroyed (1253) 1253 Prototype IDs (224) 4480 Alien Tech Used (0) 0 Bonus (4179) 4179 TOTAL SCORE: 13907 Bonus ------- High Alert Combat Kills 13 Follower Combat Kills 66 Registered with UFD 300 Met Optimus in HQ 500 Met Data Miner 300 Used Data Conduit 3000 Cogmind --------- Core Integrity 0/850 Matter 300/300 Energy 98/100 System Corruption 0% Temperature Cool (18) Movement Core (50) Location -5/Proximity Caves Parts ------- > --- POWER (1) -------- (None) > --- PROPULSION (6) --- (None) > --- UTILITY (6) ------ Improved Signal Interpreter Surveybot 17 Chip Advanced Melee Analysis Suite > --- WEAPON (2) ------- (None) > --- INVENTORY (5) ---- Advanced Sensor Array Layered Light Armor Plating Ghost Barrier Chainsword DM-GVY's Chainsaw Peak State ------------ > --- POWER ------------ Light Angular Momentum Engine > --- PROPULSION ------- Improved Hover Unit Improved Gravmag System Improved Gravmag System Improved Gravmag System Combat Airjet Combat Airjet > --- UTILITY ---------- Large Storage Unit Deep Structural Scanner Enhanced Optical Array Surveybot 17 Chip Advanced Melee Analysis Suite Layered Light Armor Plating > --- WEAPON ----------- Chainsword Power Sword > --- INVENTORY -------- Cesium-ion Thruster Nuclear Pulse Thruster Advanced Sensor Array Improved Signal Interpreter Improved Power Shielding Improved Light Armor Plating Layered Light Armor Plating Hacking Suite Mapping Drone Bay Chainsword Chainsword Chainsword Chainsword DM-GVY's Chainsaw [Rating: 73] Favorites ----------- Power Light Deuterium Engine Engine Light Deuterium Engine Power Core Micro Nuclear Core Propulsion Improved Gravmag System Treads Armored Treads Hover Unit Improved Gravmag System Flight Unit Cesium-ion Thruster Utility High-capacity Storage Unit Device Deep Structural Scanner Storage High-capacity Storage Unit Processor Surveybot 17 Chip Hackware Hacking Suite Protection Propulsion Shielding Weapon Small Laser Energy Gun Small Laser Ballistic Gun Heavy Machine Gun Launcher Grenade Launcher Impact Weapon Impact Mace Slashing Weapon Power Sword Build | -11 -10 -10 -8 -8 -6 -6 -6 -6 -5 ------- Run | Yrd Mat Sub Rec Scr Fac Low Low Dat Pro Slots Evolved 8 | . . . . . 8 . . . . Power . | . . . . . . . . . . Propulsion 4 | . . . . . 4 . . . . Utility 4 | . . . . . 4 . . . . Weapon . | . . . . . . . . . . Parts Attached 71 | 6 4 2 5 14 33 3 . 3 1 Power 5 | 1 . . . 1 2 1 . . . Engine 4 | 1 . . . 1 2 . . . . Core 1 | . . . . . . 1 . . . Reactor . | . . . . . . . . . . Propulsion 21 | 2 . . 2 2 14 . . 1 . Treads 4 | 2 . . 2 . . . . . . Leg . | . . . . . . . . . . Wheel . | . . . . . . . . . . Hover 12 | . . . . . 11 . . 1 . Flight 5 | . . . . 2 3 . . . . Utility 25 | 1 2 . 2 6 10 2 . 2 . Device 6 | . 1 . . 1 3 1 . . . Storage 3 | 1 1 . . . 1 . . . . Processor 4 | . . . . 1 2 1 . . . Hackware 5 | . . . . 2 3 . . . . Protection 7 | . . . 2 2 1 . . 2 . Artifact . | . . . . . . . . . . Weapon 20 | 2 2 2 1 5 7 . . . 1 Energy Gun 5 | . 2 1 1 1 . . . . . Energy Cannon . | . . . . . . . . . . Ballistic Gun 7 | 2 . . . 3 2 . . . . Ballistic Cannon . | . . . . . . . . . . Launcher 1 | . . 1 . . . . . . . Special Weapon . | . . . . . . . . . . Impact Weapon 2 | . . . . . 2 . . . . Slashing Weapon 5 | . . . . 1 3 . . . 1 Piercing Weapon . | . . . . . . . . . . Special Melee Weapon . | . . . . . . . . . . Unidentified Prototypes 3 | . . . . . 3 . . . . Parts Lost 23 | . . 3 4 . 7 . . 4 5 Power 2 | . . 1 . . . . . . 1 Propulsion 13 | . . . 2 . 5 . . 4 2 Utility 4 | . . 1 . . 2 . . . 1 Weapon 4 | . . 1 2 . . . . . 1 Highest Loss Streak 9 | . . 2 4 . 3 . . 4 9 To Critical Strikes . | . . . . . . . . . . Average Backups 12 | . 8 15 14 14 5 14 15 14 9 Power . | . . . . . . 1 2 2 1 Propulsion 2 | . . . 1 3 . 1 1 . . Utility 7 | . 2 6 6 9 3 7 7 8 6 Weapon 2 | . 5 8 6 1 1 4 4 4 2 Tool/Special . | . . . . . . . . . . Unused Backups 41 | . . . . 23 3 1 3 2 9 Power 3 | . . . . . . . 1 . 2 Propulsion 9 | . . . . 7 . . 2 . . Utility 20 | . . . . 10 3 . . 2 5 Weapon 9 | . . . . 6 . 1 . . 2 Tool/Special . | . . . . . . . . . . Average Slot Usage (%) 87 | . 94 92 74 83 86 100 100 98 57 Engine 7 | . 14 9 . 9 6 5 6 6 4 Treads 14 | . 28 28 20 20 . . . . . Hover 8 | . . . . . 10 40 40 38 15 Flight 7 | . . . . 7 22 . . . . Device 4 | . 8 10 . 1 6 12 13 6 . Storage 9 | . 14 14 14 11 . 6 6 6 4 Processor 5 | . . . . . 12 20 20 20 20 Hackware 2 | . . . . . 16 . . . . Protection 8 | . . . 10 13 . . . 6 4 Energy Gun 8 | . 19 28 27 7 . . . . . Ballistic Gun 5 | . 8 . . 10 . . . . . Slashing Weapon 2 | . . . . . 2 13 13 13 7 Peak Build Rating 73 | 6 8 9 14 30 73 73 72 72 55 Average Rating 30 | 4 7 8 10 19 55 72 71 69 38 On Entrance 33 | . 6 8 7 14 30 73 72 72 51 Avg Prop Armor Cover (%) 5 | . . . . . 7 4 4 3 . Naked Turns . | . . . . . . . . . . Heaviest Build 51 | 12 48 48 44 51 40 40 37 43 39 Greatest Support 61 | 40 40 40 42 42 61 61 51 61 36 Greatest Overweight (x) 14 | . 1 1 14 10 1 . . 1 1 Average Overweight (x) . | . . 1 1 1 . . . . . Largest Inventory Capacity 20 | 8 20 20 20 20 15 15 15 15 15 Average Capacity 15 | 6 16 20 20 17 6 15 15 15 10 Most Carried 20 | . 13 17 16 20 15 15 15 15 15 Average Carried 13 | . 8 15 14 15 5 14 14 14 10 Final Capacity 20 | 8 20 20 20 5 15 15 15 15 5 Final Carried 16 | . 13 16 15 5 15 15 15 15 5 Class Distribution -------------------- 65% | Mutant 14% | Scout 9% | Hacker-Sprinter 7% | Sprinter Dominant Class ---------------- Mutant | -10/Materials Mutant | -10/Subcaves Mutant | -8/Recycling Mutant | -8/Scraptown Hacker-Sprinter | -6/Factory Scout | -6/Lower Caves Scout | -6/Lower Caves Gladiator | -6/Data Miner Gladiator | -5/Proximity Caves Resources | -11 -10 -10 -8 -8 -6 -6 -6 -6 -5 ----------- Run | Yrd Mat Sub Rec Scr Fac Low Low Dat Pro Matter Collected 1127 | 251 87 35 67 222 225 210 . 20 10 Remotely . | . . . . . . . . . . Salvage Created 1359 | . 181 205 268 . 468 98 . 30 109 Parts 86 | . 17 14 11 . 28 10 . 2 4 Haulers Intercepted 2 | . . . 1 . 1 . . . . Recyclers Shooed 2 | . 1 . 1 . . . . . . Parts Field Recycled . | . . . . . . . . . . Retrieved Matter . | . . . . . . . . . . Parts Self-Destructed 44 | . . 10 . . . 30 . . 4 Prevented . | . . . . . . . . . . Parts Restored . | . . . . . . . . . . Kills | -11 -10 -10 -8 -8 -6 -6 -6 -6 -5 ------- Run | Yrd Mat Sub Rec Scr Fac Low Low Dat Pro Combat Hostiles Destroyed 27 | . 6 4 6 . 8 1 . . 2 Melee 5 | . . . . . 2 1 . . 2 Guns 9 | . 6 . 3 . . . . . . AOE 11 | . . 4 3 . 4 . . . . Classes Destroyed 12 | . 3 1 4 . 3 1 . . . Worker 1 | . . . . . 1 . . . . Tunneler 1 | . . . . . 1 . . . . Hauler 2 | . . . 1 . 1 . . . . Minesweeper 2 | . . . . . . 2 . . . Operator 4 | . 1 . . . 3 . . . . Drone 1 | . . . . . 1 . . . . Turret 2 | . . 2 . . . . . . . Swarmer 12 | . 3 4 1 . 3 . . . 1 Grunt 4 | . 3 . 1 . . . . . . Protector 1 | . . . 1 . . . . . . Sentry 5 | . . . 1 . 3 . . . 1 Programmer 4 | . . . 2 . 1 1 . . . Best Kill Streak 7 | . 3 4 7 . 4 1 . 1 2 Combat Bots Only 6 | . 3 4 6 . 4 1 . . 2 Max Kills in Single Turn 2 | . 1 2 2 . 2 1 . 1 1 Gunslinging . | . . . . . . . . . . Exploded 2 | . . 2 2 . 2 . . . . Melee 1 | . . . . . 1 1 . . 1 Uniques/NPCs Destroyed 1 | . . . . . . . . 1 . Data Miner (-6/Data Miner) Combat | -11 -10 -10 -8 -8 -6 -6 -6 -6 -5 -------- Run | Yrd Mat Sub Rec Scr Fac Low Low Dat Pro Hostile Shots Fired 355 | . 21 115 33 2 110 5 . 14 55 Missed 125 | . 6 50 8 2 40 5 . 5 9 Hits 230 | . 15 65 25 . 70 . . 9 46 Melee 7 | . . . . . . . . . 7 Projectile 223 | . 15 65 25 . 70 . . 9 39 AOE 1 | . . . . . 1 . . . . Critical Strikes 5 | . . . 1 . 2 . . . 2 Part Disruptions 1 | . . . . . . . . 1 . Damage Taken 3340 | . 142 457 413 . 914 . . 411 1003 Core 1095 | . 30 76 131 . 281 . . 47 530 Absorbed by Shields . | . . . . . . . . . . Regen/Repaired (Parts) 265 | . . . . 212 53 . . . . Core Remaining (%) 52 | 100 . . . 5 . . . . . Volleys Fired 75 | . 26 37 10 2 . . . . . Largest 2 | . 2 2 2 1 . . . . . Hottest 80 | . 80 80 80 40 . . . . . Shots Fired 144 | . 52 73 18 1 . . . . . Gun 139 | . 52 71 15 1 . . . . . Cannon . | . . . . . . . . . . Launcher 5 | . . 2 3 . . . . . . Special . | . . . . . . . . . . Kinetic 39 | . 38 . . 1 . . . . . Thermal 100 | . 14 71 15 . . . . . . Explosive 5 | . . 2 3 . . . . . . Electromagnetic . | . . . . . . . . . . Robot Hit Streak 24 | . 5 24 11 . . . . . . Robot Miss Streak 4 | . 4 3 1 . . . . . . Penetration Max . | . . . . . . . . . . Secondary Targets 2 | . . 1 1 . . . . . . Max Gunslinging Chain 1 | . . 1 1 . . . . . . Shots Hit Robots 124 | . 23 51 14 . 19 8 . 1 8 Core Hits 74 | . 11 20 20 . 15 3 . 1 4 Critical Kills . | . . . . . . . . . . Critical Parts Destroyed 1 | . . . . . 1 . . . . Critical Strikes 5 | . . . . . 3 1 . . 1 Smash 1 | . . . . . 1 . . . . Sever 4 | . . . . . 2 1 . . 1 Melee Attacks 83 | . . . . 5 41 9 7 10 11 Impact 15 | . . . . . 15 . . . . Slashing 68 | . . . . 5 26 9 7 10 11 Piercing . | . . . . . . . . . . Sneak Attacks 10 | . . . . . 5 4 . 1 . Combat Hostiles . | . . . . . . . . . . Follow-up Attacks 2 | . . . . . . 2 . . . Damage Inflicted 4217 | . 206 718 543 . 1891 481 . 78 300 Guns 904 | . 206 534 164 . . . . . . Cannons . | . . . . . . . . . . Explosions 1246 | . . 184 379 . 683 . . . . Melee 2067 | . . . . . 1208 481 . 78 300 Ramming . | . . . . . . . . . . Kinetic 160 | . 160 . . . . . . . . Thermal 1375 | . 46 534 164 . 631 . . . . Explosive 563 | . . 184 379 . . . . . . Electromagnetic 52 | . . . . . 52 . . . . Impact 519 | . . . . . 519 . . . . Slashing 1548 | . . . . . 689 481 . 78 300 Piercing . | . . . . . . . . . . Highest Corruption 3 | . . . 3 . . . . . . Average Corruption 2 | . . . 2 . . . . . . Corruption Purged . | . . . . . . . . . . Corruption Blocked . | . . . . . . . . . . Effects 7 | . . . 7 . . . . . . Message Errors 4 | . . . 4 . . . . . . Matter Fused 1 | . . . 1 . . . . . . Energy Discharges 2 | . . . 2 . . . . . . Overload Shots . | . . . . . . . . . . Overflow Damage 296 | . . . 5 . 185 106 . . . Projectiles . | . . . . . . . . . . Explosions 5 | . . . 5 . . . . . . Melee 291 | . . . . . 185 106 . . . Knockbacks 1 | . . . . . 1 . . . . Impact 1 | . . . . . 1 . . . . Kinetic . | . . . . . . . . . . Secondary . | . . . . . . . . . . Self-Inflicted Damage 53 | . . 13 40 . . . . . . Shots 3 | . . 1 2 . . . . . . Rammed . | . . . . . . . . . . Targets Rammed . | . . . . . . . . . . Kicked . | . . . . . . . . . . Crushed . | . . . . . . . . . . Highest Temperature 42 | . 36 1 42 27 1 . . . . Average Temperature 15 | . 11 1 25 18 1 . . . . Received Heat Transfer 894 | . 42 366 27 . 117 . . . 342 Siege Activations . | . . . . . . . . . . Martial Activations . | . . . . . . . . . . Shielding Activations . | . . . . . . . . . . Robots Disrupted . | . . . . . . . . . . Combat Hostiles . | . . . . . . . . . . Robots Corrupted 2 | . . . . . 2 . . . . Combat Hostiles 2 | . . . . . 2 . . . . Parts Fried 1 | . . . . . 1 . . . . Impact Corruptions 5 | . . . . . 5 . . . . Robots Melted . | . . . . . . . . . . Combat Hostiles . | . . . . . . . . . . Parts Melted 1 | . . . 1 . . . . . . Heat Transferred 1975 | . 100 1225 350 . 300 . . . . Parts Sabotaged . | . . . . . . . . . . Parts Stolen . | . . . . . . . . . . Parts Stripped . | . . . . . . . . . . Power Chain Reactions . | . . . . . . . . . . Alert | -11 -10 -10 -8 -8 -6 -6 -6 -6 -5 ------- Run | Yrd Mat Sub Rec Scr Fac Low Low Dat Pro Maximum Alert Level 2 | . . . . . 2 . . . . Low Security (%) 70 | 100 100 . 100 . 39 . . . . Level 1 6 | . . . . . 13 . . . . Level 2 22 | . . . . . 46 . . . . Level 3 . | . . . . . . . . . . Level 4 . | . . . . . . . . . . Level 5 . | . . . . . . . . . . High Security . | . . . . . . . . . . Max Security . | . . . . . . . . . . Peak Influence 494 | . 110 . 106 . 494 . . . . Initial 50 | . . . 50 . . . . . . Average 159 | . 30 . 30 . 294 . . . . Influence Increases 1535 | . 185 195 136 . 919 40 . 20 40 Destroy 0b10 Robot/C 560 | . 120 120 100 . 140 20 . 20 40 Destroy 0b10 Robot/NC 70 | . 5 . 20 . 35 10 . . . Destroy Leader 72 | . 30 . . . 32 10 . . . Trap Triggered on 0b10 10 | . . . . . 10 . . . . Successful Hack 12 | . . . . . 12 . . . . Disable Machine 105 | . . . . . 105 . . . . Anti-Garrison Action 150 | . . . . . 150 . . . . Destroy Structure 106 | . . . 16 . 90 . . . . Partial Spotted 30 | . . . . . 30 . . . . Lose Combat Pursuer 420 | . 30 75 . . 315 . . . . Influence Decreases 1535 | . 185 90 241 . 459 500 . 20 40 Entered New Map 226 | . . . 55 . . 171 . . . Time Decay 1128 | . 185 60 156 . 388 329 . 10 . Lost Part 171 | . . 30 30 . 61 . . 10 40 Lost Ally 10 | . . . . . 10 . . . . Squads Dispatched 14 | . 2 . . . 12 . . . . Investigation 6 | . 1 . . . 5 . . . . Extermination 2 | . . . . . 2 . . . . Reinforcement 4 | . 1 . . . 3 . . . . Assault 2 | . . . . . 2 . . . . Garrison . | . . . . . . . . . . Intercept . | . . . . . . . . . . Searches Triggered . | . . . . . . . . . . Construction Impeded . | . . . . . . . . . . Haulers Reinforced . | . . . . . . . . . . Active Scanning Responses . | . . . . . . . . . . Cargo Convoy Interrupts . | . . . . . . . . . . Stealth | -11 -10 -10 -8 -8 -6 -6 -6 -6 -5 --------- Run | Yrd Mat Sub Rec Scr Fac Low Low Dat Pro Distress Signals 1 | . . . . . 1 . . . . Communications Jammed . | . . . . . . . . . . Distress Signals . | . . . . . . . . . . Times Spotted 67 | . 13 5 4 8 25 1 . 4 7 Peak Tracking Total 7 | . 3 4 4 2 6 1 . 4 7 Tactical Retreats 12 | . 1 2 . . 9 . . . . Traps | -11 -10 -10 -8 -8 -6 -6 -6 -6 -5 ------- Run | Yrd Mat Sub Rec Scr Fac Low Low Dat Pro Traps Triggered 2 | . 1 . . . 1 . . . . Indirectly . | . . . . . . . . . . Trap Hack Attempts . | . . . . . . . . . . Triggered . | . . . . . . . . . . Disarmed . | . . . . . . . . . . Reprogrammed 4 | . . . . . 4 . . . . Reused 1 | . . . . . 1 . . . . Traps Extracted . | . . . . . . . . . . Installed . | . . . . . . . . . . Triggered 1 | . . . . . 1 . . . . Objects Rigged 8 | . . . . . 8 . . . . Exploded 5 | . . . . . 5 . . . . Machines | -11 -10 -10 -8 -8 -6 -6 -6 -6 -5 ---------- Run | Yrd Mat Sub Rec Scr Fac Low Low Dat Pro Machines Disabled 14 | . . 2 . 4 8 . . . . Max in Single Turn 2 | . . 2 . 1 2 . . . . Garrison Access 1 | . . . . . 1 . . . . Machines Repaired . | . . . . . . . . . . Machines Dismantled . | . . . . . . . . . . Machines Sabotaged . | . . . . . . . . . . Overloaded Fab Kills . | . . . . . . . . . . Hacking | -11 -10 -10 -8 -8 -6 -6 -6 -6 -5 --------- Run | Yrd Mat Sub Rec Scr Fac Low Low Dat Pro Machines Accessed 22 | . 1 . . 4 13 . 1 3 . Terminals 6 | . 1 . . . 5 . . . . Fabricators 4 | . . . . . 4 . . . . Repair Stations 2 | . . . . . 2 . . . . Recycling Units . | . . . . . . . . . . Scanalyzers 1 | . . . . . 1 . . . . Garrison Access 1 | . . . . . 1 . . . . Total Hacks 109 | . 3 . . 39 44 . 1 22 . Successful 81 | . . . . 39 19 . 1 22 . Failed 28 | . 3 . . . 25 . . . . Catastrophic 1 | . 1 . . . . . . . . Database Lockouts . | . . . . . . . . . . Manual 10 | . 3 . . . 7 . . . . Terminals 21 | . 3 . . . 18 . . . . Fabricators 12 | . . . . . 12 . . . . Repair Stations 8 | . . . . . 8 . . . . Recycling Units . | . . . . . . . . . . Scanalyzers 4 | . . . . . 4 . . . . Garrison Access 2 | . . . . . 2 . . . . Terminal Hacks 66 | . . . . 39 4 . 1 22 . Record 36 | . . . . 30 . . . 6 . Part Schematic 8 | . . . . . . . . 8 . Robot Schematic 5 | . . . . . . . . 5 . Robot Analysis 8 | . . . . 8 . . . . . Prototype ID Bank 3 | . . . . . . . . 3 . Open Door 1 | . . . . . . . 1 . . Reprogram Traps 1 | . . . . . 1 . . . . Recall Investigation 2 | . . . . . 2 . . . . Zone Layout 1 | . . . . . 1 . . . . Proto ID Catalog 1 | . . . . 1 . . . . . Fabricator Hacks 3 | . . . . . 3 . . . . Load Schematic 1 | . . . . . 1 . . . . Build 2 | . . . . . 2 . . . . Repair Station Hacks 7 | . . . . . 7 . . . . Scan Component 4 | . . . . . 4 . . . . Repair 3 | . . . . . 3 . . . . Recycling Unit Hacks . | . . . . . . . . . . Scanalyzer 2 | . . . . . 2 . . . . Insert Component 1 | . . . . . 1 . . . . Analyze 1 | . . . . . 1 . . . . Garrison Access Hacks . | . . . . . . . . . . Unauthorized Hacks 3 | . . . . . 3 . . . . Terminals 1 | . . . . . 1 . . . . Detonate 1 | . . . . . 1 . . . . Fabricators 2 | . . . . . 2 . . . . Report 1 | . . . . . 1 . . . . Haulers 1 | . . . . . 1 . . . . Repair Stations . | . . . . . . . . . . Recycling Units . | . . . . . . . . . . Scanalyzers . | . . . . . . . . . . Garrison Access . | . . . . . . . . . . Data Cores Recovered 2 | . . . . . 2 . . . . Used 1 | . . . . . 1 . . . . Hacking Detections 13 | . 1 . . . 12 . . . . Full Trace Events 5 | . . . . . 5 . . . . Feedback Events 2 | . . . . . 2 . . . . Hackware Fried 2 | . . . . . 2 . . . . Feedback Blocked . | . . . . . . . . . . Robot Schematics Acquired 5 | . . . . . . . . 5 . Robots Built 1 | . . . . . 1 . . . . Authchips . | . . . . . . . . . . Time 152 | . . . . . 152 . . . . Total Robot Build Rating 5 | . . . . . 5 . . . . Part Schematics Acquired 9 | . . . . . 1 . . 8 . Parts Built 2 | . . . . . 2 . . . . Authchips . | . . . . . . . . . . Time 47 | . . . . . 47 . . . . Total Part Build Rating 10 | . . . . . 10 . . . . Part Studies Acquired . | . . . . . . . . . . Parts Repaired 3 | . . . . . 3 . . . . Time 104 | . . . . . 104 . . . . Parts Recycled . | . . . . . . . . . . Recycled Matter . | . . . . . . . . . . Retrieved Matter . | . . . . . . . . . . Retrieved Components . | . . . . . . . . . . Parts Scanalyzed 1 | . . . . . 1 . . . . Part Schematics Acquired 1 | . . . . . 1 . . . . Parts Damaged . | . . . . . . . . . . Bothacking | -11 -10 -10 -8 -8 -6 -6 -6 -6 -5 ------------ Run | Yrd Mat Sub Rec Scr Fac Low Low Dat Pro Used RIF Installer . | . . . . . . . . . . Robots Hacked . | . . . . . . . . . . Non-combat . | . . . . . . . . . . Combat . | . . . . . . . . . . Robot Hacks Applied . | . . . . . . . . . . Relay Couplers Released 2 | . . . . . 2 . . . . Machine Destruction 2 | . . . . . 2 . . . . Fabnet Peak Effective % . | . . . . . . . . . . Robots Rewired 3 | . . . 3 . . . . . . Allies Hacked . | . . . . . . . . . . Hacks Repelled . | . . . . . . . . . . Allies | -11 -10 -10 -8 -8 -6 -6 -6 -6 -5 -------- Run | Yrd Mat Sub Rec Scr Fac Low Low Dat Pro Total Allies 4 | . . . 3 . 1 . . . . Largest Group 3 | . . . 3 3 1 . . . . Highest-Rated Group 64 | . . . 64 64 23 . . . . Highest-Rated Ally 27 | . . . 27 27 23 . . . . Total Orders . | . . . . . . . . . . Ally Attacks 13 | . . . . 13 . . . . . Total Damage 259 | . . . . 259 . . . . . Kills 3 | . . . . 3 . . . . . Allies Corrupted . | . . . . . . . . . . Allies Melted . | . . . . . . . . . . Intel | -11 -10 -10 -8 -8 -6 -6 -6 -6 -5 ------- Run | Yrd Mat Sub Rec Scr Fac Low Low Dat Pro Active Infowar (turns) 2887 | . . . . 573 1057 816 405 36 . Optics 869 | . . . . . 834 35 . . . Sensors 1219 | . . . . . . 780 405 34 . Structural 2279 | . . . . . 1057 781 405 36 . Jamming 575 | . . . . 573 2 . . . . Robot Analysis Total 154 | . . . . 8 . . . 146 . Derelict Logs Recovered 7 | . . . . 3 . 2 2 . . Drone Launches . | . . . . . . . . . . Drone Recoveries . | . . . . . . . . . . Exploration | -11 -10 -10 -8 -8 -6 -6 -6 -6 -5 ------------- Run | Yrd Mat Sub Rec Scr Fac Low Low Dat Pro Turns Passed 8228 | 59 585 321 523 4278 1127 816 405 83 31 Spaces Moved 5786 | 39 222 85 168 1818 1655 1025 668 102 4 Core 19 | 10 . . 8 . . . . . 1 Treads 1776 | 29 222 85 160 1280 . . . . . Legs . | . . . . . . . . . . Wheels . | . . . . . . . . . . Hover 2216 | . . . . . 418 1025 668 102 3 Flight 1775 | . . . . 538 1237 . . . . Fastest Speed 24 | 50 160 240 237 32 24 47 53 47 50 Average Speed 111 | 131 211 240 276 207 31 52 53 56 117 Slowest Speed 835 | 160 240 240 750 835 112 53 53 141 141 Overloaded Moves . | . . . . . . . . . . Propulsion Burnouts . | . . . . . . . . . . Robots Hopped 4 | . . . . . 4 . . . . Potential Cave-ins . | . . . . . . . . . . Cave-ins Triggered . | . . . . . . . . . . Exploration Rate (%) 46 | 4 40 6 38 84 40 91 85 77 3 Regions Visited 9 Branch Regions 7 Pre-discovered Areas 31 | . . . . 4 . . 1 26 . Known Exits Taken 4 | . . . . . 1 1 1 1 . Unknown Exits Taken 5 | 1 1 1 1 1 . . . . . Scrap Searched 7 | . . . . 2 . 2 3 . . Spaces Dug 36 | . . 6 . 4 17 1 6 2 . Terrain Destroyed 132 | . . 13 15 4 91 1 6 2 . Melee 29 | . . . . 3 17 1 6 2 . Projectile 1 | . . . . 1 . . . . . AOE 102 | . . 13 15 . 74 . . . . Terrain Rammed . | . . . . . . . . . . Walls Destroyed . | . . . . . . . . . . Machines Disabled . | . . . . . . . . . . Actions | -11 -10 -10 -8 -8 -6 -6 -6 -6 -5 --------- Run | Yrd Mat Sub Rec Scr Fac Low Low Dat Pro Total 7333 | 44 293 129 208 2338 2188 1287 711 117 18 Wait 1123 | . 26 1 2 417 405 242 30 . . Move 5769 | 38 221 84 167 1817 1646 1024 667 101 4 Hop 4 | . . . . . 4 . . . . Pick Up 80 | . 13 4 1 29 24 3 4 2 . Fast Attach 50 | 6 4 . 2 9 27 2 . . . Attach 28 | . . 1 3 8 13 1 . 1 1 Detach 11 | . . . . 2 7 . . 1 1 Swap 10 | . . 2 1 2 1 2 . 2 . Drop 86 | . 3 . . 47 22 5 4 3 2 Fire 75 | . 26 37 10 2 . . . . . Melee 74 | . . . . 5 39 7 6 7 10 Ram . | . . . . . . . . . . Kick . | . . . . . . . . . . Crush . | . . . . . . . . . . Escape Stasis . | . . . . . . . . . . Rewire 22 | . . . 22 . . . . . . Trap . | . . . . . . . . . . Miscellaneous 1 | . . . . . . 1 . . . Route ------- -11/Scrapyard -10/Materials (discovered 2 exits: [*Mat] / [*Sub]) -10/Subcaves -8/Recycling (discovered 2 exits: *Fac / *Scr) -8/Scraptown (discovered 2 exits: *Fac x2) -6/Factory (discovered 6 exits: *Fac x4 / *Low x2) -6/Lower Caves -6/Lower Caves (discovered 2 exits: Fac / *Dat) -6/Data Miner -5/Proximity Caves History --------- Turn | Location | Event 5 | -11/Scrapyard | Discovered new exit (range 15) 60 | -11/Scrapyard | Entered Materials 217 | -10/Materials | Discovered new exit (range 14) 301 | -10/Materials | Build established: Mutant 614 | -10/Materials | Discovered new exit (range 9) 645 | -10/Materials | Entered Subcaves 860 | -10/Subcaves | Discovered new exit (range 11) 966 | -10/Subcaves | Entered Recycling 1062 | -8/Recycling | Core integrity fell below 50% 1074 | -8/Recycling | Core integrity fell below 20% 1114 | -8/Recycling | Lost 4 parts (2n2w) 1364 | -8/Recycling | Discovered new exit (range 8) 1423 | -8/Recycling | Scanned before Scraplab entrance 1459 | -8/Recycling | Entered Scraplab 1478 | -8/Recycling | Discovered new exit (range 4) 1489 | -8/Recycling | Entered Scraptown 1489 | -8/Scraptown | Accompanied by 3 allies 1489 | -8/Scraptown | System corruption cleaned by C-Scrubber 2312 | -8/Scraptown | Discovered new exit (range 13) 2452 | -8/Scraptown | Scanned Subdweller tech in exchange for log data 2459 | -8/Scraptown | Learned location of Quarantine (-2) 2461 | -8/Scraptown | Learned Factory garrison access intel 2464 | -8/Scraptown | Learned Factory emergency access door positions 2523 | -8/Scraptown | Visited Junk Repository 2677 | -8/Scraptown | Visited Awakened 2779 | -8/Scraptown | Visited TADAMA 2897 | -8/Scraptown | Visited CR-KLE's Repair Center 2928 | -8/Scraptown | Visited UFD Registry 2928 | -8/Scraptown | Registered with UFD as "Toollever" 3113 | -8/Scraptown | Visited LU-1G1's Boring Crew 3206 | -8/Scraptown | Visited Analyses Database 3272 | -8/Scraptown | Visited Science Guys 3469 | -8/Scraptown | Visited Observation Area 3556 | -8/Scraptown | Visited Scrap Suit Storage 3594 | -8/Scraptown | Visited Derelict Rescue Squad 3616 | -8/Scraptown | Found DRS Beacon 3704 | -8/Scraptown | Visited Curators Association 3799 | -8/Scraptown | Visited Cartography Club 3867 | -8/Scraptown | Found Surveybot 17 Chip 4041 | -8/Scraptown | Visited Modified Component R&D 4274 | -8/Scraptown | Discovered new exit (range 5) 4581 | -8/Scraptown | CR-KLE repaired 6 parts 5242 | -8/Scraptown | Found Scrap Suit 5243 | -8/Scraptown | Found Scrap Suit 5268 | -8/Scraptown | Met Optimus 5268 | -8/Scraptown | Accepted into 0bPrime 5537 | -8/Scraptown | Build established: Sprinter 5668 | -8/Scraptown | Civil war broke out across Scraptown 5672 | -8/Scraptown | Found DM-GVY's Chainsaw 5706 | -8/Scraptown | Learned location of Archives (-4) 5706 | -8/Scraptown | Learned location of Hub_04(d) (-4) 5706 | -8/Scraptown | Learned 8 Factory zone layouts 5706 | -8/Scraptown | Learned 16 Research zone layouts 5706 | -8/Scraptown | Learned 4 Recycling zone layouts 5706 | -8/Scraptown | Learned 20 Lower Caves zone layouts 5706 | -8/Scraptown | Learned 8 Proximity Caves zone layouts 5706 | -8/Scraptown | Learned Research emergency access door positions 5706 | -8/Scraptown | Learned location of 3 exits from Factory 5706 | -8/Scraptown | Learned location of 1 exit from Research 5706 | -8/Scraptown | Learned location of 2 exits from Upper Caves 5707 | -8/Scraptown | Found Deep Structural Scanner 5712 | -8/Scraptown | Lost 4 allies 5767 | -8/Scraptown | Entered Factory 5767 | -6/Factory | Evolved 8 slots: Propulsion x4, Utility x4 5768 | -6/Factory | Identified exit to Factory 5769 | -6/Factory | Identified exit to Lower Caves 5772 | -6/Factory | Loaded intel: 4 garrison access locations 6014 | -6/Factory | Lost 3 parts (3n) 6019 | -6/Factory | Discovered exit to Factory (range 16) 6049 | -6/Factory | Discovered exit to Lower Caves (range 12) 6135 | -6/Factory | Repaired Adv. Melee Analysis Suite? 6255 | -6/Factory | Repaired Cesium-ion Thruster 6295 | -6/Factory | Build established: Hacker-Sprinter 6432 | -6/Factory | Fabricated A-15 Conveyor? 6607 | -6/Factory | Hacking Suite fried by hacking feedback 6646 | -6/Factory | Spotted B-75 Beast 6683 | -6/Factory | Repaired VTOL Module 6704 | -6/Factory | Mak. Hacking Suite fried by hacking feedback 6707 | -6/Factory | Fabricated Adv. Melee Analysis Suite (x2) 6894 | -6/Factory | Entered Lower Caves 6895 | -6/Lower Caves | Identified exit to Lower Caves 7006 | -6/Lower Caves | Activated DRS Beacon 7090 | -6/Lower Caves | Spotted B-75 Beast 7211 | -6/Lower Caves | Learned Factory stockpile data 7238 | -6/Lower Caves | Encountered a Warlord checkpoint 7252 | -6/Lower Caves | Build established: Scout 7710 | -6/Lower Caves | Entered another Lower Caves area 7721 | -6/Lower Caves | Identified exit to Data Miner 8115 | -6/Lower Caves | Entered Data Miner 8115 | -6/Data Miner | Discovered new exit (range 7) 8126 | -6/Data Miner | Met Data Miner 8138 | -6/Data Miner | Learned location of Section 7 (-2) 8138 | -6/Data Miner | Acquired the access code to Warlord's prototype stash 8145 | -6/Data Miner | Received God Mode back door access code from Data Miner 8157 | -6/Data Miner | Destroyed Data Miner 8160 | -6/Data Miner | Found Prototype Hackware 8161 | -6/Data Miner | Found Prototype Hackware 8162 | -6/Data Miner | Interfaced with the Data Conduit 8197 | -6/Data Miner | Identified exit to Proximity Caves 8198 | -6/Data Miner | Entered Proximity Caves 8203 | -5/Proximity Caves | Attracted the attention of an 0b10 checkpoint 8215 | -5/Proximity Caves | Core integrity fell below 50% 8224 | -5/Proximity Caves | Core integrity fell below 20% 8229 | -5/Proximity Caves | Destroyed by G-50 Soldier with Heavy Laser Last Messages --------------- DERELICT." 08206_ Acquired 10 matter. 08206_ Penetrated by Slug. 08211_ Lgt. Angular Momentum Engine destroyed. 08211_ Y-64 Sentinel destroyed. 08212_ Mak. Hover Unit destroyed. 08214_ Cmb. Airjet destroyed. 08214_ Dropped Cmb. Airjet. 08215_ Dropped Lrg. Storage Unit. 08217_ Adv. Heat Sink fries itself beyond repair. 08217_ Lyr. Light Armor Plating destroyed. 08218_ Critical hit (Burn: +37). 08219_ KE Penetrator fries itself beyond repair. 08221_ Adv. Heat Sink fries itself beyond repair. 08225_ L-41 Fighter Carbon-fiber Leg severed. 08226_ L-41 Fighter destroyed. 08228_ Chainsword destroyed. 08229_ Neutrino Core fries itself beyond repair. Map ----- +----------------------------------------------------+ | ????????????????????????? #????## #??? | | ????????????????????????? #?????## ##??? | | ?????????????????????????##??###?## #???? | | ????????????????????????????## #### ####? | | ????????????????????????????# ## | | ????????????????????????????# | | ???????????????# #?### ###### | | ??????????????## ### #### | | ??????????????# ## #### #??## ### | | ??????????????# #?## #???### ##?# | | ??????????????## #?# ##???## #??? | | ???????????????##### ##?# ##### #??? | | ???????????????????## #?## #??? | | ????????????????????# #?# #??? | | ?????????????????#### ### ### ##### | | ?????????????????# ## ####?# | | ?????????????????# #### # ##????# | | ?????????????????# #??## # #####??# | | ?????????????????# #???## #??# | | ?????????????????# #????# ## #??# | | ?????????????????# #????# ## ##?# | | ????????????????## #???## ### | | ???????????????##g ##### ##### ## | | ???????????????# = ## g # | | ???????????????# /g!! ## | | ?????????????####%@!%g ### ### #### | | ?????????????# !*==/###### #?# #??? | | ?????????????# *! % #????# #?# #??? | | ?????????????# ! #????# #?#########??? | | ?????????????# #????# ############## | | ?????????????# #????# | | ?????????????# #????????????????????? | | ?????????????# #????????????????????? | | ?????????????#########????????????????????? | | ??????????????????????????????????????????? | | ??????????????????????????????????????????? | | ??????????????????????????????????????????? | | ??????????????????????????????????????????? | | ??????????????????????????????????????????? | | ??????????????????????????????????????????? | | ??????????????????????????????????????????? | | ??????????????????????????????????????????? | | ??????????????????????????????????????????? | | ??????????????????????????????????????????? | | ??????????????????????????????????????????? | | ??????????????????????????????????????????? | | ??????????????????????????????????????????? | | ??????????????????????????????????????????? | | ??????????????????????????????????????????? | | ??????????????????????????????????????????? | +----------------------------------------------------+ Best States ------------- Heat Dissipation 37 Energy Generation 18 Energy Capacity 250 Matter Stores 300 Matter Capacity 300 Sight Range 22 Robot Scan Range 16 Terrain Scan Density 1210 Jamming Range 12 Armor Coverage 300 Resistance: EM 15 Propulsion Shielding 66 Evasion (%) 65 Melee Accuracy 8 Recoil Reduction 2 Offensive Hacking 31 Item Schematics ----------------- Adv. Melee Analysis Suite | -6/Factory | Scanalyzed Lgt. Regenerative Plating | -6/Data Miner | Free Combat Drone Bay | -6/Data Miner | Free Cld. Nuclear Pulse Thruster | -6/Data Miner | Free Prc. Energy Filter | -6/Data Miner | Free Kinetic Spear | -6/Data Miner | Free Centrium Wheel | -6/Data Miner | Free Adv. Thermal Shield | -6/Data Miner | Free Railgun | -6/Data Miner | Free Robot Schematics ------------------ A-15 Conveyor | -6/Data Miner | Free L-41 Fighter | -6/Data Miner | Free B-60 Warrior | -6/Data Miner | Free I-36 Angel | -6/Data Miner | Free H-77 Assassin | -6/Data Miner | Free Fabricated ------------ A-15 Conveyor | x1 | -6/Factory | Preloaded Adv. Melee Analysis Suite | x2 | -6/Factory Repaired ---------- Adv. Melee Analysis Suite | 30% | -6/Factory Cesium-ion Thruster | 36% | -6/Factory VTOL Module | 8% | -6/Factory Studied --------- None Alien Tech Used ----------------- None Achievements -------------- None Challenges ------------ None Game ------ Seed HelicalMobileBiocell Manual? 0 Play Time 00:50:25 Cumulative 506.0 hours Start 2025.11.04 @ 22:30:39 End 2025.11.05 @ 13:38:12 Sessions 3 Manual Loads 0 Difficulty Rogue Special Mode None Game No. 842 Rogue 687 Adventurer 148 Explorer 7 Win Type - Total 24 Types 19/1/3/1/0/0/0/0/0/0 Lore% 74 Gallery% 78 Achievement% 61 Wizard Run 0 Options --------- Layout 1 ASCII 0 Keyboard 0 Movement Numpad Keybinds 0 Fullscreen 2 Font 24/Smallcaps Map View 50x35 Zoom Use 0% Tactical HUD 1 Map Filters NONE Filters NONE Steam 1 RUN: 14329a5b-75f1-446a-9d2e-2d48ea0e8cd7